 Dungeon Crawl Stone Soup version 0.30-a0-777-ga9a30cbeda (webtiles) character file.

Game seed: 2662243646239803951

13321 mandoloar the Thaumaturge (level 11, -8/64 HPs)
             Began as a Deep Elf Conjurer on Feb 14, 2023.
             Was a Believer of Vehumet.
             Engulfed by a steam dragon's steam (11 damage)
             ... on level 10 of the Dungeon on Feb 15, 2023.
             The game lasted 00:57:44 (18853 turns).

mandoloar the Thaumaturge (Deep Elf Conjurer)      Turns: 18853, Time: 00:57:45

Health: -8/64      AC: 11    Str:  4    XL:     11   Next: 74%
Magic:  9/30       EV: 13    Int: 28    God:    Vehumet [**....]
Gold:   586        SH:  5    Dex: 13    Spells: 22/36 levels left

rFire   . . .      SeeInvis .    a - +1 rapier (heavy)
rCold   . . .      Faith    .    (no shield)
rNeg    . . .      Spirit   .    E - +0 acid dragon scales
rPois   .          Reflect  +    (no helmet)
rElec   .          Harm     .    (no cloak)
rCorr   +          Rampage  .    q - +2 pair of gloves
Will    +....                    o - +1 pair of boots
Stlth   +++                      r - amulet of reflection
HPRegen 0.30/turn                j - ring of flight
MPRegen 0.22/turn                (no ring)

@: flying, studying Maces & Flails
A: no striking features
a: Renounce Religion


You were on level 10 of the Dungeon.
You worshipped Vehumet.
Vehumet was pleased with you.
You visited 2 branches of the dungeon, and saw 11 of its levels.
You also visited: Ossuary.

You collected 882 gold pieces.
You spent 296 gold pieces at shops.

Inventory:

Hand Weapons
 a - a +1 heavy rapier (weapon)
Missiles
 m - 64 poisoned darts
Armour
 e - a +2 buckler
 o - a +1 pair of boots (worn)
 q - a +2 pair of gloves (worn)
 E - +0 acid dragon scales (worn)
Magical Staves
 D - a staff of cold
Jewellery
 j - a ring of flight (left hand)
 r - an amulet of reflection (around neck)
Wands
 p - a wand of light (5)
 u - a wand of mindburst (29)
 v - a wand of roots (19)
 B - a wand of flame (22)
Scrolls
 g - 3 scrolls of immolation
 i - a scroll of poison
 l - 3 scrolls of enchant weapon
 w - 6 scrolls of teleportation
 y - a scroll of fear
 z - a scroll of blinking
 A - a scroll of brand weapon
 C - a scroll of butterflies
Potions
 b - 2 potions of magic
 c - a potion of ambrosia
 d - 2 potions of attraction {unknown}
 f - 2 potions of cancellation
 h - a potion of lignification
 k - 4 potions of mutation
 n - 6 potions of heal wounds
 s - 2 potions of flight
 t - 2 potions of invisibility
 x - 7 potions of curing
 F - a potion of brilliance {unknown}


   Skills:
 + Level 5.4 Fighting
 + Level 8.4 Dodging
 - Level 7.0 Stealth
 + Level 13.1 Spellcasting
 + Level 11.6 Conjurations
 + Level 6.7 Hexes
 + Level 5.5 Translocations


You had 22 spell levels left.
You knew the following spells:

 Your Spells              Type           Power      Damage    Failure   Level
a - Magic Dart            Conj           100%       1d8       1%          1
b - Searing Ray           Conj           100%       2d8       1%          2
c - Fulminant Prism       Conj/Hex       31%        3d15      1%          4
d - Iskenderun's Mystic   Conj/Tloc      61%        2d13      1%          4
e - Tukima's Dance        Hex            54%        N/A       1%          3

Your spell library contained the following spells:

 Spells                   Type           Power      Damage    Failure   Level
 Scorch                   Fire           36%        2d7       11%         2
 Shock                    Conj/Air       100%       1d9       1%          1
 Blink                    Tloc           98%        N/A       1%          2
 Lesser Beckoning         Tloc           98%        N/A       1%          2
 Momentum Strike          Conj/Tloc      100%       3d10      1%          2
 Dazzling Flash           Conj/Hex       100%       N/A       1%          3
 Necrotise                Necr           72%        1d7       7%          1
 Passage of Golubria      Tloc           49%        N/A       8%          4
 Kindle Blastsparks       Fire/Tloc/Air  56%        2d14      10%         3
 Ignite Poison            Fire/Tmut/Pois 18%        N/A       22%         3
 Swiftness                Air            18%        N/A       22%         3
 Vampiric Draining        Necr           18%        2d7       22%         3
 Freezing Cloud           Conj/Ice/Air   20%        6-21      36%         5
 Yara's Violent Unravell  Hex/Tmut       18%        3d9       45%         5
 Airstrike                Air            9%         2d(2-18)  56%         4
 Agony                    Necr           18%        N/A       89%         5


Dungeon Overview and Level Annotations

Branches:
Dungeon (10/15)            Temple (1/1) D:6             Orc (0/2) D:10
Ossuary (visited)
   Lair: D:8-11

Altars:
Ashenzari
Cheibriados
Dithmenos
Elyvilon
Fedhas
Gozag
Hepliaklqana
Kikubaaqudgha
Makhleb
Nemelex Xobeh
Okawaru
Qazlal
Ru
Sif Muna
Trog
Uskayaw
Vehumet
Wu Jian
Yredelemnul
Zin
The Shining One

Shops:
D:4 *!*   D:5 !   D:7 (?!   D:8 [   D:10 (


Message History

You are engulfed in a cloud of scalding steam.
The steam dragon breathes steam at you. The ball of steam hits you!!
* * * LOW HITPOINT WARNING * * *
You feel much better.
You are engulfed in a cloud of scalding steam.
Casting: Iskenderun's Mystic Blast (dangerous; 1% risk of failure)
Confirm with . or Enter, or press ? or * to list all spells.
You erupt in a blast of force!
The mystic blast hits the steam dragon!
You kill the steam dragon!
Vehumet accepts your kill.
The steam dragon scales are intact enough to wear.
The steam dragon breathes steam at you. The ball of steam hits you!
You hear an angry hiss.
You are engulfed in a cloud of scalding steam.
* * * LOW HITPOINT WARNING * * *
You are engulfed in a cloud of scalding steam.
* * * LOW HITPOINT WARNING * * *
Casting: Iskenderun's Mystic Blast (dangerous; 1% risk of failure)
Confirm with . or Enter, or press ? or * to list all spells.
Aiming: Fulminant Prism (dangerous; 1% risk of failure)
Press: ? - help, Dir - move target You conjure a prism of explosive energy!
A fulminant prism comes into view.
Your fulminant prism crackles loudly.
Your fulminant prism explodes!
Casting: Fulminant Prism (dangerous; 1% risk of failure)
Confirm with . or Enter, or press ? or * to list all spells.
Aiming: Fulminant Prism (dangerous; 1% risk of failure)
Press: ? - help, Dir - move target You conjure a prism of explosive energy!
A fulminant prism comes into view.
The steam dragon breathes steam at you.
The ball of steam hits your fulminant prism.
Your fulminant prism resists.
The ball of steam hits you!
* * * LOW HITPOINT WARNING * * *
You are engulfed in a cloud of scalding steam.
You die...

............§)...'.# #..
###.#...[..D.§).#.#####..
#........§.§..#..).....
##.......§.#+########..
##########§.# ### #####D## #
##.§*..# ## #.# #§§##### #. #.#
#@## ####. ####'##### ##'########
#..'.
##........#####.........#####.##.
.#........#...'.........'.....##.
.+........'.###.........########.
#.#.>.....### #.........# #.
._........# ####'###### #.
#.#..#'#### #..# ## #...##.##
##.# #


There were no monsters in sight!

Vanquished Creatures
  Fannar (D:10)
  3 two-headed ogres
  Amaemon (D:8)
  An ugly thing (D:7)
  A gargoyle (D:8)
  An orange demon (D:8)
  An unseen horror (D:10)
  2 trolls
  A hornet (D:10)
  A wraith (D:9)
  13 yaks
  2 shadows (D:10)
  A human (D:7)
  4 hogs (D:7)
  4 steam dragons
  An acid dragon (D:8)
  2 water moccasins (D:8)
  7 orc warriors
  4 sky beasts
  An ice beast (D:5)
  4 black bears
  4 centaurs
  2 phantoms
  6 kobold brigands
  4 bullfrogs
  2 gnoll sergeants (D:10)
  A scorpion (D:4)
  A necrophage (D:7)
  10 wights
  5 killer bees
  2 howler monkeys (D:7)
  3 jellies
  3 hounds
  6 orc priests
  A gnoll bouda (D:6)
  3 iguanas
  9 orc wizards
  A mummy (Ossuary)
  7 adders
  18 gnolls
  A shadow imp (D:8)
  A white imp (D:5)
  An ufetubus (D:4)
  3 worms
  3 dart slugs
  48 orcs
  2 spectral bats (Ossuary)
  9 ball pythons
  5 bats
  5 endoplasms
  9 giant cockroaches
  7 hobgoblins
  26 kobolds
  4 quokkas
  4 bat simulacra (Ossuary)
  A frilled lizard (D:1)
  12 gnoll zombies (Ossuary)
  9 goblins
  A goblin simulacrum (Ossuary)
  4 goblin zombies (Ossuary)
  7 hobgoblin zombies (Ossuary)
  5 kobold simulacra (Ossuary)
  5 kobold zombies (Ossuary)
  2 orc zombies (Ossuary)
  11 rats
  4 rat simulacra (Ossuary)
  2 spectral goblins (Ossuary)
  6 spectral kobolds (Ossuary)
  A spectral rat (Ossuary)
342 creatures vanquished.

Vanquished Creatures (others)
  A yak (D:10)
  245 fulminant prisms
246 creatures vanquished.

Grand Total: 588 creatures vanquished

Notes
Turn   | Place    | Note
-------+----------+-------------------------------------------
     0 | D:1      | mandoloar the Deep Elf Conjurer began the quest for the
                  | Orb.
     0 | D:1      | Reached XP level 1. HP: 10/10 MP: 6/6
     9 | D:1      | Noticed a centaur
   106 | D:1      | Reached XP level 2. HP: 15/15 MP: 3/8
   447 | D:1      | Learned a level 2 spell: Searing Ray
   820 | D:1      | Reached skill level 4 in Spellcasting
   887 | D:1      | Reached skill level 5 in Conjurations
   887 | D:1      | Reached XP level 3. HP: 19/19 MP: 7/10
  2843 | D:3      | Reached XP level 4. HP: 24/24 MP: 10/12
  2848 | D:3      | Learned a level 4 spell: Fulminant Prism
  2853 | D:3      | Learned a level 4 spell: Iskenderun's Mystic Blast
  3133 | D:3      | Reached skill level 5 in Spellcasting
  3366 | D:3      | Reached XP level 5. HP: 28/28 MP: 10/14
  3463 | D:3      | Found a burning altar of Makhleb.
  3943 | D:4      | Found Qecatim's Distillery.
  4006 | D:4      | Reached skill level 6 in Spellcasting
  4006 | D:4      | Reached XP level 6. HP: 20/32 MP: 2/17
  4216 | D:4      | Found Uduizevi's General Store.
  4454 | D:4      | Noticed an orc warrior
  4620 | D:4      | Killed an orc warrior
  4621 | D:4      | Reached skill level 7 in Spellcasting
  4847 | D:4      | Reached XP level 7. HP: 36/36 MP: 12/20
  5129 | D:4      | Reached skill level 8 in Spellcasting
  5410 | D:4      | Found Beiriugh's General Store.
  5630 | D:4      | Found a sacrificial altar of Ru.
  5784 | D:4      | Found a white marble altar of Elyvilon.
  6121 | D:5      | Entered Level 5 of the Dungeon
  6493 | D:5      | Found a sand-covered staircase.
  6498 | Ossuary  | Entered an ossuary
  8126 | D:5      | Found Orraoq's Distillery.
  8339 | D:5      | Found an opulent altar of Gozag.
  8370 | D:5      | Reached skill level 9 in Spellcasting
  8370 | D:5      | Reached XP level 8. HP: 41/41 MP: 3/23
  9332 | D:6      | Reached skill level 10 in Spellcasting
  9530 | D:6      | Found a glowing golden altar of the Shining One.
  9535 | D:6      | Found a snail-covered altar of Cheibriados.
  9618 | D:6      | Reached skill level 1 in Fighting
  9915 | D:6      | Found a staircase to the Ecumenical Temple.
 10625 | D:7      | Reached XP level 9. HP: 40/48 MP: 9/25
 11119 | D:7      | Reached skill level 5 in Stealth
 11265 | D:6      | Reached skill level 11 in Spellcasting
 11265 | D:6      | Reached skill level 10 in Conjurations
 11502 | D:7      | Reached skill level 5 in Dodging
 11557 | D:7      | Found Koorrailli's Weapon Shop.
 11601 | Temple   | Entered the Ecumenical Temple
 11745 | Temple   | Became a worshipper of Vehumet
 12418 | D:7      | Reached skill level 1 in Hexes
 12418 | D:7      | Reached skill level 1 in Translocations
 12421 | D:7      | Reached XP level 10. HP: 56/56 MP: 9/27
 12933 | D:7      | Found Qoalyfi's Magic Scroll Emporium.
 12939 | D:7      | Bought a scroll of identify for 26 gold pieces
 12939 | D:7      | Bought a scroll of identify for 26 gold pieces
 12939 | D:7      | Bought a scroll of teleportation for 39 gold pieces
 12939 | D:7      | Bought a scroll of identify for 26 gold pieces
 12939 | D:7      | Bought a scroll of teleportation for 39 gold pieces
 13076 | D:7      | Found Leuruom's Distillery.
 13084 | D:7      | Bought a potion of heal wounds for 70 gold pieces
 13084 | D:7      | Bought a potion of heal wounds for 70 gold pieces
 13252 | D:8      | Noticed a two-headed ogre
 13650 | D:8      | Noticed a green ugly thing
 13660 | D:7      | Killed a green ugly thing
 13904 | D:8      | Killed a two-headed ogre
 13907 | D:8      | Reached * piety under Vehumet
 13907 | D:8      | Offered knowledge of Shock by Vehumet.
 14228 | D:7      | Reached skill level 12 in Spellcasting
 14345 | D:8      | Noticed a gargoyle
 14471 | D:8      | Killed a gargoyle
 14910 | D:8      | Found Xaeph's Antique Armour Emporium.
 14924 | D:8      | Noticed Amaemon
 14925 | D:8      | Noticed an orange demon
 14942 | D:8      | Killed Amaemon
 14942 | D:8      | Killed an orange demon
 14943 | D:8      | Reached XP level 11. HP: 62/62 MP: 15/29
 15459 | D:8      | Found a bloodstained altar of Trog.
 15728 | D:8      | Reached skill level 5 in Hexes
 15841 | D:8      | Found a broken altar of Ashenzari.
 16299 | D:9      | Noticed a two-headed ogre
 16380 | D:9      | Reached ** piety under Vehumet
 16383 | D:9      | Offered knowledge of Sandblast by Vehumet.
 16451 | D:9      | Killed a two-headed ogre
 16627 | D:9      | Reached skill level 5 in Fighting
 17317 | D:10     | Entered Level 10 of the Dungeon
 17395 | D:10     | Noticed Fannar
 17407 | D:10     | Killed Fannar
 17728 | D:10     | Found Rol Foast's Weapon Shop.
 17857 | D:10     | Reached skill level 5 in Translocations
 18195 | D:10     | Found a stormy altar of Qazlal.
 18378 | D:10     | Reached skill level 13 in Spellcasting
 18388 | D:10     | Noticed a two-headed ogre
 18402 | D:10     | Killed a two-headed ogre
 18407 | D:10     | Offered knowledge of Scorch by Vehumet.
 18715 | D:10     | Found a staircase to the Orcish Mines.
 18829 | D:10     | Learned a level 3 spell: Tukima's Dance
 18852 | D:10     | HP: 3/64 [something/ball of steam (17)]
 18853 | D:10     | Engulfed by a steam dragon's steam

Illustrated notes

Levels and vault maps discovered:
D:1:      evilmike_arrival_come_back, layout_rooms,
          chequers_serial_rivers_room_b, reono_crystal_passage
D:2:      wad_crossroads, layout_loops_corners, minmay_misc_feat_room
D:3:      cheibrodos_pilgrimage, layout_basic, old_standard_altar
D:4:      kennysheep_six_static_rooms, layout_basic,
          mainiacjoe_overflow_brackets, mainiacjoe_overflow_surrounded_room,
          serial_shops, shop, shop, shop, guppyfry_early_orc_mine
D:5:      layout_cave_pools, nicolae_gozag_cash_rules_everything_around_me,
          serial_shops, nicolae_shop_temple_entry_statues_fountains,
          enter_ossuary_5
D:6:      layout_loops_cross, grunt_temple_overflow_open,
          minmay_temple_entry_from_below_a
D:7:      layout_loops_cross, serial_shops, nicolae_shop_trees,
          nicolae_shop_waterfront, nicolae_shop_window_shopping, grunt_livestock
D:8:      minmay_angry_zag, layout_cave_pools, tgw_trog,
          mainiacjoe_overflow_alcove_2, serial_shops, shop,
          amcnicky_mini_corridor_feature, minmay_manual_monstrance, uniq_amaemon
D:9:      layout_basic
D:10:     layout_roguey, lemuel_crystal_altar, xom_confusion_cloud, orc_david_3,
          special_room [special_room_orc], enter_bailey_3, serial_shops, shop,
          uniq_fannar
Temple:   minmay_temple_forest_path

Skill      XL: |  1  2  3  4  5  6  7  8  9 10 11 |
---------------+----------------------------------+-----
Spellcasting   | 4 5 6 7 9 10 11 12 13 | 13.1
Conjurations   | 5 6 7 8 9 10 11 | 11.6
Stealth        | 4 6 7 |  7.0
Dodging        | 3 5 7 8 |  8.4
Fighting       | 1 3 4 5 |  5.4
Hexes          | 1 4 6 |  6.7
Translocations | 1 3 5 |  5.5

Action                     |  1- 3 |  4- 6 |  7- 9 | 10-12 || total
---------------------------+-------+-------+-------+-------++-------
  Melee: Rapier            |       |       |     1 |       ||     1
   Cast: Magic Dart        |    86 |    44 |    61 |    11 ||   202
         Searing Ray       |     3 |     8 |    20 |     1 ||    32
         Fulminant Prism   |       |     6 |   101 |   139 ||   246
         Iskenderun's Myst |       |       |    19 |    35 ||    54
  Evoke: Wand              |       |       |       |     4 ||     4
    Use: Scroll            |       |     5 |    15 |     5 ||    25
         Potion            |       |       |       |     1 ||     1
 Armour: Robe              |       |     4 |    10 |       ||    14
         Steam dragon scal |       |       |    12 |     6 ||    18
         Acid dragon scale |       |       |       |    16 ||    16
  Dodge: Dodged            |     2 |     6 |    48 |    31 ||    87
  Block: Other             |       |       |    15 |    12 ||    27
         Reflection        |       |       |     4 |     2 ||     6

Table legend: (Time is in decaauts)
 A = Elapsed time spent in this place.
 B = Non-inter-level travel time spent in this place.
 C = Inter-level travel time spent in this place.
 D = Time resting spent in this place.
 E = Time spent auto-exploring this place.
 F = Levels seen in this place.
 G = Mean time per level.
                   A        B        C        D        E       F      G
               +--------+--------+--------+--------+--------+-----+--------+
         Total |  18881 |  18084 |    797 |   9375 |   6259 |  12 | 1573.4 |
       Dungeon |  17200 |  16453 |    747 |   8526 |   5725 |  10 | 1720.0 |
        Temple |    374 |    324 |     50 |      0 |    307 |   1 |  374.0 |
       Ossuary |   1306 |   1306 |      0 |    849 |    227 |   1 | 1306.0 |
               +--------+--------+--------+--------+--------+-----+--------+

Top non-repeatable levels by time:
     D:7: 2981 daAuts
     D:4: 2670 daAuts
     D:6: 2434 daAuts
     D:9: 1665 daAuts
     D:2: 1414 daAuts
     D:8: 1312 daAuts
 Ossuary: 1306 daAuts
     D:1: 1266 daAuts
     D:3: 1161 daAuts
     D:5: 1154 daAuts
    D:10: 1138 daAuts
  Temple: 374 daAuts
